 Seeded DCSS version 0.31.0-11-ge490571c62 (webtiles) character file.

Game seed: 8799821514367181042 (custom seed)

14316 CInkIbrahim the Cleaver (level 12, -1/76 HPs)
             Began as a Gargoyle Fighter on Feb 11, 2024.
             Was a High Priest of Makhleb.
             Slain by a warg (8 damage)
             ... on level 2 of the Orcish Mines.
             The game lasted 00:22:09 (8541 turns).

CInkIbrahim the Cleaver (Gargoyle Fighter)          Turns: 8541, Time: 00:22:10

Health: -1/76      AC: 19    Str: 24    XL:     12   Next: 15%
Magic:  13/13      EV: 10    Int: 12    God:    Makhleb [*****.]
Gold:   2024       SH:  5    Dex:  5    Spells: 11/11 levels left

rFire   . . .        a - +9 war axe "Caube" {speed, Int+2}
rCold   + + +        c - +0 buckler
rNeg    + + +        i - +3 troll leather armour {Snorg}
rPois   ∞            L - +0 helmet
rElec   +            y - +0 cloak
rCorr   .            j - +0 pair of gloves
SInv    +            S - +0 pair of boots
Will    .....        w - amulet "Kenwu" {rElec rC+++ rN++ Regen+ Dex-4}
Stlth   +            v - ring of wizardry
HPRegen 1.92/turn    J - ring of see invisible
MPRegen 0.13/turn

%: wizardry (x1)
@: no status effects
A: sickness immunity, AC +8, negative energy resistance 1, electricity
resistance, torment resistance 1, petrification resistance
a: Renounce Religion, Minor Destruction, Lesser Servant of Makhleb, Major
Destruction, Greater Servant of Makhleb


You were on level 2 of the Orcish Mines.
You worshipped Makhleb.
Makhleb was extremely pleased with you.
You visited 3 branches of the dungeon, and saw 14 of its levels.
You also visited: Sewer, Ossuary and Bailey.

You collected 2342 gold pieces.
You spent 318 gold pieces at shops.

Inventory:

Hand Weapons
 a - the +9 war axe "Caube" (weapon) {speed, Int+2}
   (You bought it in a shop on level 1 of the Dungeon)

   Int+2:     It affects your intelligence (+2).
 b - the +11 hand axe "Fahueca" {flame, MP+9 Stlth+}
   (You found it on level 7 of the Dungeon)

   MP+9:      It affects your magic capacity (+9).
   Stlth+:    It makes you more stealthy.
 G - a +0 demon whip of venom
 V - the +3 Elemental Staff {ele, rElec rF+ rC+ AC+3}
   (You found it in a bailey)

   AC+3:      It affects your AC (+3).
   rF+:       It protects you from fire.
   rC+:       It protects you from cold.
   rElec:     It insulates you from electricity.
 X - a +4 vampiric war axe
Missiles
 g - 12 darts of dispersal
 r - 34 poisoned darts (quivered)
 K - 2 throwing nets
 U - 17 curare-tipped darts
 W - 8 datura-tipped darts
Armour
 c - a +0 buckler (worn)
 i - a +3 troll leather armour (worn) {Snorg}
 j - a +0 pair of gloves (worn)
 y - a +0 cloak (worn)
 L - a +0 helmet (worn)
 S - a +0 pair of boots (worn)
 Y - a +3 leather armour
Jewellery
 k - an amulet of faith
 v - a ring of wizardry (left hand)
 w - the amulet "Kenwu" (around neck) {rElec rC+++ rN++ Regen+ Dex-4}
   (You found it on level 8 of the Dungeon)

   [amulet of regeneration]

   Dex-4:     It affects your dexterity (-4).
   rC+++:     It renders you almost immune to cold.
   rElec:     It insulates you from electricity.
   rN++:      It greatly protects you from negative energy.
   Regen+:    It increases your rate of health regeneration.
 J - a ring of see invisible (right hand)
Wands
 z - a wand of flame (11)
 B - a wand of polymorph (15)
 O - a wand of quicksilver (11)
 Q - a wand of iceblast (6)
Scrolls
 m - 5 scrolls of noise
 q - 2 scrolls of fog
 s - a scroll of poison
 u - 2 scrolls of amnesia
 C - 3 scrolls of teleportation
 D - 2 scrolls of enchant weapon
 E - a scroll of fear {unknown}
 F - a scroll of enchant armour {unknown}
 H - 3 scrolls of immolation
 I - a scroll of vulnerability
 M - a scroll of revelation
 N - a scroll of brand weapon
 R - a scroll of blinking {unknown}
 Z - a scroll of silence {unknown}
Potions
 d - 3 potions of might
 f - 6 potions of curing
 h - 4 potions of haste
 l - a potion of resistance {unknown}
 n - 3 potions of enlightenment
 o - 2 potions of cancellation
 p - 3 potions of attraction
 t - a potion of ambrosia
 x - 2 potions of lignification
 A - a potion of invisibility {unknown}
 P - 2 potions of heal wounds
 T - a potion of magic


   Skills:
 + Level 9.1 Fighting
 * Level 14.5 Axes
 - Level 3.2 Armour
 + Level 9.1 Shields
 + Level 2.4 Invocations


You had 11 spell levels left.
You didn't know any spells.
Your spell library contained the following spells:

 Spells                   Type           Power      Damage    Failure   Level
 Magic Dart               Conj           0%         1d3       17%         1
 Sandblast                Erth           0%         2d4       17%         1
 Shock                    Conj/Air       0%         1d3       17%         1
 Searing Ray              Conj           0%         2d4       26%         2
 Dazzling Flash           Conj/Hex       0%         N/A       45%         3
 Inner Flame              Hex/Fire       0%         N/A       45%         3
 Mephitic Cloud           Conj/Alch/Air  0%         N/A       45%         3
 Passwall                 Erth           0%         N/A       45%         3
 Stone Arrow              Conj/Erth      0%         3d7       45%         3
 Swiftness                Air            0%         N/A       45%         3
 Airstrike                Air            0%         2d(0-16)  83%         4
 Brom's Barrelling Bould  Conj/Erth      0%         2d3       83%         4
 Flame Wave               Conj/Fire      0%         2d4       83%         4
 Fulminant Prism          Conj/Alch      0%         3d5       83%         4
 Passage of Golubria      Tloc           0%         N/A       83%         4
 Sticky Flame             Fire/Alch      0%         2d4       83%         4
 Curse of Agony           Necr           0%         N/A       99%         5
 Silence                  Hex/Air        0%         N/A       99%         5
 Lehudib's Crystal Spear  Conj/Erth      0%         10d2      100%        8


Dungeon Overview and Level Annotations

Branches:
Dungeon (11/15)            Temple (1/1) D:4             Orc (2/2) D:10
  Sewer (visited)         Ossuary (visited)          Bailey (visited)
   Lair: D:8-11         Elf: Orc:2

Altars:
Ashenzari
Cheibriados
Dithmenos
Elyvilon
Fedhas
Gozag
Hepliaklqana
Kikubaaqudgha
Makhleb
Nemelex Xobeh
Okawaru
Qazlal
Ru
Sif Muna
Trog
Uskayaw
Vehumet
Wu Jian
Xom
Yredelemnul
Zin
The Shining One

Shops:
D:1 (   D:8 *


Innate Abilities, Weirdness & Mutations

You are immune to sickness and miasma.
Your stone body is resilient. (AC +8)
You are immune to poison.
You resist negative energy. (rN+)
You are resistant to electric shocks. (rElec)
You are resistant to unholy torment.
You are immune to petrification.


Message History

You slice the orc knight!!
You kill the orc knight!
Makhleb accepts your kill.
You feel better.
You slash the orc knight! You closely miss the warg.
You barely miss the orc sorcerer. The warg bites you but does no damage.
You barely miss the warg.
The warg is almost dead.
You closely miss the orc sorcerer. You slash the orc knight!
The orc knight hits you with a +2 great sword of draining!!
The orc sorcerer gestures at you while chanting.
The bolt of negative energy hits you but does no damage.
You resist. The warg bites you but does no damage.
You are too injured to fight recklessly!
You are too injured to fight recklessly!
You are too injured to fight recklessly!
You slice the orc knight!!
The orc knight is almost dead.
You miss the warg. You closely miss the orc sorcerer.
The warg bites you but does no damage.
You closely miss the orc knight.
The orc knight is almost dead.
You barely miss the orc sorcerer. You closely miss the warg.
The orc knight barely misses you.
The orc sorcerer gestures at you while chanting.
The bolt of negative energy hits you but does no damage.
You resist. The warg bites you!
* * * LOW HITPOINT WARNING * * *
You hit the orc knight.
The orc knight is almost dead.
You slash the orc sorcerer! You barely miss the warg.
You closely miss the orc knight.
The orc knight is almost dead.
You hit the warg. You closely miss the orc sorcerer. The warg bites you!
* * * LOW HITPOINT WARNING * * *
The orc knight barely misses you. The orc sorcerer barely misses you.
You hit the orc sorcerer.
The orc sorcerer is moderately wounded.
You completely miss the orc knight. You hit the warg but do no damage.
The warg bites you!
You die...

............#
...........<#
...........##
............#
............#
.........$..#
..........)##
........o)..#
.......o@)).#
......$h...#
...........#
...........#
..........##
..........#
......$...#
...........


You could see an orc knight (strong), a warg and an orc sorcerer.

Vanquished Creatures
  Snorg (D:10)
  An ettin (Orc:1)
  Amaemon (D:10)
  An orc knight (Orc:2)
  An orc sorcerer (Orc:2)
  Joseph (D:10)
  An orange demon (D:10)
  A kobold demonologist (D:10)
  An unseen horror (D:7)
  A komodo dragon (D:10)
  Psyche (D:9)
  A troll (Orc:1)
  Grinder (D:5)
  4 hogs (D:9)
  13 yaks
  2 steam dragons
  A human (D:9)
  A warg (Orc:1)
  Grum (D:9)
  Menkaure (D:7)
  4 ice beasts
  2 black bears
  A sky beast (D:7)
  11 orc warriors
  2 ogres
  3 wolves (D:9)
  3 centaurs
  A weeping skull (Ossuary)
  11 kobold brigands
  5 bullfrogs
  A gnoll sergeant (D:9)
  A scorpion (D:7)
  A burial acolyte (Ossuary)
  4 wights (D:7)
  20 killer bees
  5 howler monkeys
  A centaur zombie (Ossuary)
  2 human zombies (Ossuary)
  3 hounds
  A jelly (D:7)
  A bombardier beetle (D:5)
  A gnoll bouda (D:4)
  6 orc priests
  5 iguanas
  Terence (D:2)
  Natasha (thrice) (D:2)
  10 orc wizards
  2 mummies (Ossuary)
  17 gnolls
  15 adders
  3 river rats (Sewer)
  2 white imps
  2 ribbon worms
  7 dart slugs
  40 orcs
  5 bats
  10 endoplasms
  7 giant cockroaches
  13 goblins
  8 hobgoblins
  8 jackals
  8 quokkas
  18 ball pythons
  5 frilled lizards
  A gnoll zombie (Ossuary)
  40 kobolds
  A kobold zombie (Ossuary)
  16 rats
  A spectral weapon (D:10)
374 creatures vanquished.

Notes
Turn   | Place    | Note
-------+----------+-------------------------------------------
     0 | D:1      | CInkIbrahim the Gargoyle Fighter began the quest for the
                  | Orb.
     0 | D:1      | Reached XP level 1. HP: 14/14 MP: 1/1
    54 | D:1      | Reached skill level 2 in Axes
   102 | D:1      | Reached XP level 2. HP: 19/19 MP: 2/2
   352 | D:1      | Reached skill level 3 in Axes
   393 | D:1      | Reached XP level 3. HP: 23/23 MP: 3/3
   528 | D:1      | Found Waanla's Antique Weapon Boutique.
   536 | D:1      | Identified a scroll of acquirement
   536 | D:1      | Acquired 1151 gold pieces
   538 | D:1      | Bought a jewelled war axe for 204 gold pieces
   538 | D:1      | Identified the +9 war axe "Caube" {speed, Int+2} (You
                  | bought it in a shop on level 1 of the Dungeon)
   861 | D:2      | Noticed Terence
   864 | D:2      | Killed Terence
   865 | D:2      | Reached skill level 4 in Axes
   865 | D:2      | Reached XP level 4. HP: 28/28 MP: 4/4
   885 | D:2      | Reached XP level 5. HP: 26/32 MP: 5/5
   943 | D:2      | Found a faded altar of an unknown god.
  1068 | D:2      | You fall into a shaft and drop 1 floor!
  1116 | D:3      | Reached skill level 5 in Axes
  1354 | D:2      | Reached XP level 6. HP: 37/37 MP: 6/6
  1409 | D:2      | Noticed Natasha
  1416 | D:2      | Killed Natasha
  1524 | D:2      | Noticed Natasha
  1527 | D:2      | Killed Natasha
  1536 | D:2      | Noticed Natasha
  1542 | D:2      | Killed Natasha
  1543 | D:2      | Reached skill level 6 in Axes
  1805 | D:3      | Found a hide-covered altar of Uskayaw.
  1806 | D:3      | Found a radiant altar of Vehumet.
  1976 | D:4      | Found a staircase to the Ecumenical Temple.
  1999 | D:4      | Found a shadowy altar of Dithmenos.
  2056 | D:4      | Reached XP level 7. HP: 23/41 MP: 7/7
  2064 | D:4      | Found a sand-covered staircase.
  2084 | Ossuary  | Entered an ossuary
  2084 | Ossuary  | Found a huge runed translucent gate.
  2084 | Ossuary  | Found a huge runed translucent gate.
  2084 | Ossuary  | Found a huge runed translucent gate.
  2084 | Ossuary  | Found a huge runed translucent gate.
  2084 | Ossuary  | Found a huge runed translucent gate.
  2084 | Ossuary  | Found a huge runed translucent gate.
  2084 | Ossuary  | Found a huge runed translucent gate.
  2084 | Ossuary  | Found a huge runed translucent gate.
  2086 | Ossuary  | Found a huge runed translucent gate.
  2177 | Ossuary  | Found a huge runed translucent gate.
  2177 | Ossuary  | Found a huge runed translucent gate.
  2178 | Ossuary  | Found a huge runed translucent gate.
  2178 | Ossuary  | Found a huge runed translucent gate.
  2180 | Ossuary  | Found a huge runed translucent gate.
  2180 | Ossuary  | Found a huge runed translucent gate.
  2189 | Ossuary  | Reached skill level 7 in Axes
  2189 | Ossuary  | Found a huge runed translucent gate.
  2189 | Ossuary  | Found a huge runed translucent gate.
  2189 | Ossuary  | Found a huge runed translucent gate.
  2189 | Ossuary  | Found a huge runed translucent gate.
  2189 | Ossuary  | Found a huge runed translucent gate.
  2191 | Ossuary  | Found a huge runed translucent gate.
  2191 | Ossuary  | Found a huge runed translucent gate.
  2193 | Ossuary  | Found a huge runed translucent gate.
  2193 | Ossuary  | Found a huge runed translucent gate.
  2194 | Ossuary  | Found a huge runed translucent gate.
  2194 | Ossuary  | Found a huge runed translucent gate.
  2195 | Ossuary  | Found a huge runed translucent gate.
  2195 | Ossuary  | Found a huge runed translucent gate.
  2200 | Ossuary  | Found a huge runed translucent gate.
  2200 | Ossuary  | Found a huge runed translucent gate.
  2275 | Ossuary  | Found a huge runed translucent gate.
  2275 | Ossuary  | Found a huge runed translucent gate.
  2275 | Ossuary  | Found a huge runed translucent gate.
  2275 | Ossuary  | Found a huge runed translucent gate.
  2275 | Ossuary  | Found a huge runed translucent gate.
  2811 | Temple   | Entered the Ecumenical Temple
  2848 | Temple   | Became a worshipper of Makhleb the Destroyer
  2889 | D:5      | Entered Level 5 of the Dungeon
  2922 | D:5      | Reached skill level 8 in Axes
  2963 | D:5      | Noticed Grinder
  2969 | D:5      | Paralysed by Grinder for 3 turns
  2973 | D:5      | Killed Grinder
  2974 | D:5      | Reached XP level 8. HP: 28/46 MP: 8/8
  3003 | D:5      | Reached skill level 9 in Axes
  3059 | D:5      | Found a glowing drain.
  3064 | Sewer    | Entered a sewer
  3145 | Sewer    | Reached * piety under Makhleb
  3424 | D:5      | Reached skill level 10 in Axes
  3539 | D:5      | Reached ** piety under Makhleb
  3733 | D:5      | Found a white marble altar of Elyvilon.
  3804 | D:5      | Reached XP level 9. HP: 51/51 MP: 9/9
  4656 | D:7      | Reached skill level 11 in Axes
  4664 | D:7      | Found a blossoming altar of Fedhas.
  4722 | D:7      | Noticed Menkaure
  4738 | D:7      | Killed Menkaure
  4819 | D:7      | Found a flagged portal.
  4835 | D:7      | Identified the +11 hand axe "Fahueca" {flame, MP+9 Stlth+}
  4839 | Bailey   | Entered a bailey
  4853 | Bailey   | Reached *** piety under Makhleb
  4907 | Bailey   | Found the +3 Elemental Staff {ele, rElec rF+ rC+ AC+3}
  4960 | Bailey   | Reached skill level 5 in Fighting
  4960 | Bailey   | Reached skill level 5 in Shields
  5056 | Bailey   | Found an iron altar of Okawaru.
  5156 | D:7      | Identified the +7 short sword of Dust {vamp, rElec Int+2
                  | Dex+4}
  5169 | D:7      | Reached XP level 10. HP: 59/59 MP: 10/10
  5194 | D:7      | Noticed an unseen horror
  5219 | D:7      | Killed an unseen horror
  5220 | D:7      | Reached skill level 12 in Axes
  5561 | D:7      | Reached **** piety under Makhleb
  5975 | D:8      | Identified the amulet "Kenwu" {rElec rC+++ rN++ Regen+
                  | Dex-4}
  6492 | D:8      | Found Qat Vinukh's General Store.
  6509 | D:8      | Bought a scroll of identify for 24 gold pieces
  6814 | D:9      | Found a glowing silver altar of Zin.
  6887 | D:9      | Reached skill level 13 in Axes
  6895 | D:9      | Noticed Psyche
  6903 | D:9      | Killed Psyche
  6904 | D:9      | Reached XP level 11. HP: 43/67 MP: 11/11
  7158 | D:9      | Noticed Grum
  7178 | D:9      | Killed Grum
  7413 | D:10     | Entered Level 10 of the Dungeon
  7413 | D:10     | Found a staircase to the Orcish Mines.
  7595 | D:10     | Noticed Joseph
  7605 | D:10     | Killed Joseph
  7853 | D:10     | Noticed Amaemon
  7864 | D:10     | Noticed Snorg
  7868 | D:10     | Killed Amaemon
  7891 | D:10     | Killed Snorg
  7952 | D:10     | Reached skill level 14 in Axes
  8090 | D:10     | Found an ornate altar of the Wu Jian Council.
  8175 | D:11     | Reached ***** piety under Makhleb
  8195 | D:11     | Noticed a cyclops
  8265 | D:11     | Found Zin's Purification Station.
  8268 | D:11     | Found a glowing silver altar of Zin.
  8273 | D:11     | Bought a potion of curing for 90 gold pieces
  8325 | Orc:1    | Entered Level 1 of the Orcish Mines
  8346 | Orc:1    | Noticed an ettin
  8361 | Orc:1    | Killed an ettin
  8362 | Orc:1    | Reached skill level 1 in Invocations
  8362 | Orc:1    | Reached XP level 12. HP: 75/75 MP: 11/13
  8459 | Orc:2    | Entered Level 2 of the Orcish Mines
  8480 | Orc:2    | Paralysed by an orc sorcerer for 2 turns
  8541 | Orc:2    | Slain by a warg

Illustrated notes

Levels and vault maps discovered:
D:1:      dpeg_arrival_rhombi, layout_loops_ring, serial_shops,
          nicolae_shop_pleasant_corner_grove
D:2:      layout_rooms, ebering_ecumenical_altar_hall, uniq_natasha,
          uniq_terence
D:3:      layout_basic, mainiacjoe_overflow_divided_tiny
D:4:      layout_cave_pools, grunt_dithmenos_smoke, minmay_temple_entry_mist,
          nicolae_ossuary_entry_ruins
D:5:      layout_cave_pools, elyvilon_altar_3, gup_sewer_entry_spiral,
          uniq_grinder
D:6:      layout_basic
D:7:      layout_rooms, mainiacjoe_overflow_boulevard, enter_bailey_2,
          minmay_unpleasant_kobolds, uniq_menkaure
D:8:      layout_basic, serial_shops, nicolae_shop_stone
D:9:      layout_roguey, nicolae_overflow_hidden_temple, grunt_livestock,
          uniq_grum, uniq_psyche
D:10:     layout_roguey, nzn_wu_jian_contemplation,
          minmay_orc_entry_temple_small, uniq_snorg, uniq_joseph, uniq_amaemon
D:11:     minmay_gate_of_8, layout_basic, hellmonk_lair_entry_icy,
          gammafunk_ghost_arena, serial_shops, shop, zin_purify
Temple:   eino_wide_crystal_templ
Orc:1:    layout_diamond_mine, serial_shops, shop, basic_altar
Orc:2:    grunt_orc_gardens, layout_caves, grunt_orc_garden, grunt_orc_garden,
          grunt_orc_garden, grunt_orc_garden

Skill      XL: |  1  2  3  4  5  6  7  8  9 10 11 12 |
---------------+-------------------------------------+-----
Axes           | 2 3 4 5 6 8 10 11 13 14 | 14.5
Fighting       | 5 7 8 9 |  9.1
Shields        | 5 7 8 9 |  9.1
Invocations    | 1 2 |  2.4
Armour         | |  3.2

Action                     |  1- 3 |  4- 6 |  7- 9 | 10-12 || total
---------------------------+-------+-------+-------+-------++-------
  Melee: War axe           |    87 |   122 |   308 |   482 ||   999
  Throw: Dart              |       |       |     2 |       ||     2
    Use: Scroll            |     1 |     3 |     8 |    10 ||    22
         Potion            |       |       |     2 |     2 ||     4
 Armour: Scale mail        |    53 |    66 |   163 |   163 ||   445
         Leather armour    |       |       |       |    62 ||    62
         Troll leather arm |       |       |       |    78 ||    78
  Dodge: Dodged            |    46 |    45 |   103 |   149 ||   343
  Block: Buckler           |    23 |    25 |    49 |    72 ||   169
